Map: Port Aleksander LE

Players

InZaNe - Winner!

  • Race: Terran Terran
  • Spawn Location: 11:00

Arctur

  • Race: Terran Terran
  • Spawn Location: 5:00

Event: 2019 WCS Spring

VOD

Have the link to the VOD?

Description

Time

  • Played on: May 17, 2019, 6:29 a.m.
  • Length: 9:13

All games in this series

Show
View Real Time Build Order
Export as new Build Order

InZaNe Terran - Winner!

Build Orders: Liberator Opening 

Get SALT Encoding   

  12  0:00  SCV  
  13  0:12  SCV  
  14  0:18  Supply Depot  
  14  0:24  SCV  
  15  0:36  Refinery  
  15  0:39  SCV  
  16  0:45  Barracks  
  16  0:51  SCV  
  16  0:56  Refinery  
  17  1:03  SCV  
  18  1:16  SCV  
  19  1:33  Factory  
  19  1:34  Orbital Command  
  19  1:38  Reaper  
  20  1:50  Supply Depot  
  20  2:00  SCV  
  21  2:11  Reaper  
  21  2:12  SCV  
  23  2:17  Hellion  
  25  2:24  SCV  
  26  2:35  Command Center  
  26  2:40  Hellion  
  28  2:44  Supply Depot  
  28  2:52  Starport  
  28  2:55  Barracks Reactor  
  28  2:56  SCV  
  29  3:03  Factory Tech Lab  
  29  3:08  SCV  
  30  3:14  Liberator  
  28  3:21  SCV, Cyclone  
  31  3:32  Marine  
  31  3:33  SCV, Marine  
  37  3:45  SCV  
  38  3:52  Marine  
  38  3:53  Marine  
  40  4:01  Orbital Command  
  37  4:04  SCV  
  37  4:07  Refinery  
  41  4:10  Marine  
  41  4:16  SCV  
  40  4:21  Factory Tech Lab  
  40  4:22  Marine  
  40  4:23  Raven  
  43  4:27  SCV  
  43  4:28  SCV  
  43  4:29  Marine  
  43  4:30  Supply Depot  
  46  4:35  Supply Depot  
  43  4:39  SCV  
  43  4:40  SCV  
  43  4:42  Siege Tank, Marine  
  49  4:48  Supply Depot  
  49  4:51  SCV, Marine  
  51  4:52  SCV  
  52  5:04  Command Center  
  52  5:05  SCV  
  54  5:07  Raven  
  54  5:10  SCV  
  56  5:17  SCV  
  56  5:18  Refinery  
  57  5:22  Siege Tank  
  57  5:24  SCV  
  61  5:30  SCV  
  61  5:33  Marine x2  
  64  5:36  SCV  
  64  5:42  SCV  
  66  5:48  SCV  
  67  5:53  Engineering Bay  
  67  5:54  SCV, Engineering Bay  
  68  5:58  Viking x2  
  68  6:00  Siege Tank  
  75  6:05  Marine  
  74  6:22  Orbital Command, Stimpack  
  74  6:23  Marine  
  75  6:28  Viking x2  
  75  6:40  Siege Tank  
  75  6:43  SCV x2  
  78  6:55  SCV x2  
  78  6:56  Marine  
  78  6:58  Viking x2  
  85  7:07  SCV  
  86  7:10  Terran Infantry Weapons Level 1  
  86  7:11  Barracks  
  86  7:12  Terran Infantry Armor Level 1  
  86  7:16  Barracks  
  86  7:18  Barracks x2  
  86  7:21  Siege Tank  
  87  7:25  Marine  
  87  7:27  SCV  
  87  7:28  Viking  
  91  7:32  Viking  
  93  7:38  Orbital Command  
  93  7:40  SCV x2  
  93  7:42  Marine  
  95  7:52  SCV  
  95  7:55  SCV  
  95  7:58  Viking, Siege Tank  
  102  8:00  Marine  
  102  8:03  SCV  
  102  8:04  SCV  
  105  8:06  Barracks Reactor x3  
  105  8:07  SCV, Barracks Reactor  
  106  8:15  SCV  
  106  8:16  SCV  
  106  8:18  Marine  
  109  8:24  Viking, SCV, Supply Depot  
  112  8:27  SCV  
  112  8:28  SCV  
  111  8:37  Marine  
  100  8:42  Medivac  
  100  8:43  Marine  
  100  8:44  Marine x4  
  100  8:46  SCV x2  
  100  8:48  Marine x3  
  112  8:54  Marine  
  112  8:55  Armory  
Show
View Real Time Build Order
Export as new Build Order

Arctur Terran 

Build Orders: Cyclone Opening 

Get SALT Encoding   

  12  0:00  SCV  
  13  0:13  SCV  
  14  0:18  Supply Depot  
  14  0:25  SCV  
  15  0:29  Refinery  
  15  0:39  SCV  
  16  0:46  Barracks  
  16  0:51  SCV  
  17  1:04  SCV  
  18  1:06  Refinery  
  18  1:16  SCV  
  19  1:32  Orbital Command  
  19  1:33  Factory  
  19  1:41  Reaper  
  20  1:47  Supply Depot  
  20  1:58  SCV  
  21  2:10  SCV  
  21  2:13  Reaper  
  23  2:17  Factory Tech Lab  
  23  2:22  SCV  
  24  2:35  Command Center  
  24  2:41  Cyclone  
  27  2:46  SCV, Barracks Reactor  
  28  2:53  Supply Depot  
  28  2:58  SCV  
  29  3:07  Starport  
  29  3:11  SCV  
  29  3:24  SCV  
  29  3:25  Marine x2  
  32  3:27  Cyclone  
  35  3:36  SCV  
  36  3:43  Marine x2  
  37  3:59  Orbital Command  
  37  4:01  Marine x2  
  35  4:03  SCV  
  35  4:04  Starport Tech Lab  
  35  4:06  Refinery  
  36  4:10  Factory Tech Lab  
  36  4:11  Raven  
  36  4:16  SCV  
  39  4:19  Marine x2  
  41  4:25  SCV  
  41  4:28  SCV  
  41  4:31  Siege Tank  
  46  4:38  SCV  
  47  4:39  Marine x2, Supply Depot  
  47  4:40  SCV  
  50  4:50  SCV  
  50  4:52  SCV  
  49  5:03  Siege Tank  
  50  5:10  SCV  
  50  5:12  Viking x2, Marine  
  56  5:16  SCV  
  57  5:22  SCV  
  57  5:23  Supply Depot  
  57  5:26  Stimpack  
  59  5:28  SCV  
  59  5:33  Marine  
  59  5:34  SCV  
  61  5:36  Supply Depot  
  61  5:44  SCV  
  61  5:45  Viking x2  
  61  5:48  Supply Depot  
  66  5:54  SCV  
  66  5:56  SCV  
  68  5:58  Supply Depot  
  68  6:02  Marine  
  69  6:07  SCV  
  69  6:08  SCV  
  71  6:15  Viking x2  
  75  6:20  Marine  
  75  6:22  SCV x2  
  78  6:34  SCV x2  
  78  6:37  Supply Depot  
  78  6:38  Supply Depot  
  80  6:44  Siege Tank  
  80  6:46  SCV x2  
  85  6:58  SCV x2  
  85  7:02  Command Center  
  85  7:07  Viking, Marine  
  86  7:22  Viking  
  88  7:23  Siege Tank  
  88  7:24  Marine  
  88  7:28  Refinery  
  88  7:29  Barracks  
  90  7:31  SCV  
  90  7:33  Barracks  
  91  7:38  Combat Shield  
  91  7:42  SCV  
  92  7:45  Liberator  
  92  7:46  Liberator  
  91  7:54  SCV x2, Barracks  
  93  7:59  Barracks  
  93  8:00  Siege Tank, Marine  
  103  8:08  SCV  
  103  8:09  SCV, Supply Depot  
  105  8:18  Orbital Command  
  105  8:20  SCV  
  105  8:21  SCV  
  87  8:36  SCV x2  
  87  8:39  Siege Tank, Barracks Reactor  
  87  8:40  Barracks Reactor  
  73  8:42  Barracks Reactor  
  73  8:43  SCV  
  71  8:48  SCV x2  
  71  8:55  SCV  
  78  8:57  Barracks Reactor  
  78  9:00  SCV x2  
  78  9:02  Engineering Bay  
  80  9:04  Engineering Bay  
Tags
 
Add a new tag
Caveats
  • Supply blocks, unpowered buildings, or Contaminate may cause inaccurate times.
  • Supply counts are checked every 10 seconds.